 Dungeon Crawl Stone Soup version 0.26.0-10-g1f06aea511 (webtiles) character file.

Game seed: 4745400816701558834

1415 Dracia the Skirmisher (level 8, 0/67 HPs)
             Began as a Gnoll Wanderer on Jan 14, 2021.
             Was a Believer of Okawaru.
             Slain by an orc warrior
             ... wielding a +0 war axe
              (12 damage)
             ... on level 9 of the Dungeon.
             The game lasted 00:08:43 (5292 turns).

Dracia the Skirmisher (Gnoll Wanderer)              Turns: 5292, Time: 00:08:44

Health: 0/67       AC:  8    Str: 20    XL:     8   Next: 71%
Magic:  17/17      EV: 11    Int: 14    God:    Okawaru [**....]
Gold:   303        SH: 10    Dex: 18    Spells: 15/19 levels left

rFire    . . .     SeeInvis .   d - +4 hand axe (freeze)
rCold    . . .     Faith    .   b - +0 kite shield
rNeg     . . .     Spirit   .   o - +0 ring mail
rPois    .         Reflect  .   (no helmet)
rElec    .         Harm     .   p - +0 cloak
rCorr    .         Rampage  .   (no gloves)
Will     .....                  h - +0 pair of boots
Stlth    ++........             (no amulet)
HPRegen  0.21/turn              S - +6 ring of strength
MPRegen  0.15/turn              (no ring)

@: no status effects
A: distributed training, fangs 1, strong nose
a: Renounce Religion, Heroism


You were on level 9 of the Dungeon.
You worshipped Okawaru.
Okawaru was pleased with you.
You visited 1 branch of the dungeon, and saw 7 of its levels.

You collected 303 gold pieces.


Innate Abilities, Weirdness & Mutations

Your experience applies equally to all skills.
You have very sharp teeth.
Your uncanny sense of smell can sniff out nearby items.


   Skills:
 + Level 7.5 Fighting
 + Level 3.5 Short Blades
 + Level 3.5 Long Blades
 + Level 3.5 Axes
 + Level 4.4 Maces & Flails
 + Level 3.5 Polearms
 + Level 3.5 Staves
 + Level 3.5 Slings
 + Level 3.5 Bows
 + Level 3.5 Crossbows
 + Level 4.4 Throwing
 + Level 4.4 Armour
 + Level 3.5 Dodging
 + Level 3.5 Stealth
 + Level 4.4 Shields
 + Level 3.5 Unarmed Combat
 + Level 6.2 Spellcasting
 + Level 2.9 Conjurations
 + Level 2.9 Hexes
 + Level 2.9 Summonings
 + Level 3.6 Necromancy
 + Level 2.9 Translocations
 + Level 2.9 Transmutations
 + Level 2.9 Fire Magic
 + Level 2.9 Ice Magic
 + Level 2.9 Air Magic
 + Level 2.9 Earth Magic
 + Level 2.9 Poison Magic
 + Level 3.9 Invocations
 + Level 3.5 Evocations


You had 15 spell levels left.
You knew the following spells:

 Your Spells              Type           Power        Failure   Level
c - Corpse Rot            Necr/Air       N/A          36%         2
X - Sublimation of Blood  Necr           7%           32%         2

Your spell library contained the following spells:

 Spells                   Type           Power        Failure   Level
 Animate Skeleton         Necr           28%          22%         1
 Apportation              Tloc           24%          30%         1
 Corona                   Hex            13%          30%         1
 Summon Small Mammal      Summ           48%          30%         1

Inventory:

Hand Weapons
 a - a +0 hand crossbow
 d - a +4 hand axe of freezing (weapon)
 u - a +0 trident
Missiles
 c - 108 bolts
 m - 20 poisoned darts (quivered)
 v - 3 curare-tipped darts {=f=f}
Armour
 b - a +0 kite shield (worn)
 e - a +0 robe
 h - a +0 pair of boots (worn)
 o - a +0 ring mail (worn)
 p - a +0 cloak (worn)
 s - a +0 hat
Jewellery
 S - a +6 ring of strength (left hand)
Wands
 l - a wand of random effects (24)
 q - a wand of paralysis (5)
 z - a wand of flame (35)
Scrolls
 f - 6 scrolls of identify {@r1@r1}
 g - 2 scrolls of fear
 i - a scroll of acquirement {unknown}
 j - 3 scrolls of enchant weapon
 w - a scroll of magic mapping
 y - a scroll of fog
 A - a scroll of amnesia
 B - a scroll of teleportation {unknown}
Potions
 k - a potion of might
 n - 3 potions of attraction
 r - 2 potions of haste {@q3@q3}
 x - a potion of heal wounds {@q2@q2}

Dungeon Overview and Level Annotations

Branches:
Dungeon (6/15)             Temple (0/1) D:4

Altars:
Gozag
Hepliaklqana
Okawaru
Vehumet

#.# ##'###
#....# #....#
#....# #....#
#.<..+ #@o..#
∆ +.o.=#
#.[..# #....#
∆ ###'## #.##
#..#
#######.###
..........####


You could see an orc warrior and an orc wizard.


Message History

The orc warrior hits you with a +0 war axe.
Unknown command.
The orc wizard hits you but does no damage.
You see here a +0 hand axe.
Unknown command.
You're too confused to move!
The orc warrior hits you with a +0 war axe!
* * * LOW HITPOINT WARNING * * *
The orc wizard gestures at you while chanting.
The puff of flame hits you!
* * * LOW HITPOINT WARNING * * *
You feel less confused. You block the orc warrior's attack.
Unknown command.
You feel better. You block the orc warrior's attack.
You block the orc wizard's attack.
You hit the orc warrior but do no damage.
The orc warrior is lightly wounded.
You hit the orc wizard but do no damage.
The orc wizard casts a spell at you. The magic dart hits you!
* * * LOW HITPOINT WARNING * * *
The orc warrior closely misses you.
You hit the orc wizard. You freeze the orc wizard.
Your bite misses the orc wizard.
The orc wizard is almost dead.
You hit the orc warrior. You freeze the orc warrior.
You block the orc wizard's attack.
The orc warrior hits you with a +0 war axe!
You die...

Skill      XL: |  1  2  3  4  5  6  7  8 |
---------------+-------------------------+-----
Necromancy     | 2 3 |  3.6
Spellcasting   | 5 6 |  6.2
Invocations    | 1 2 3 |  3.9
Short Blades   | 1 2 3 |  3.5
Long Blades    | 1 2 3 |  3.5
Axes           | 1 2 3 |  3.5
Polearms       | 1 2 3 |  3.5
Staves         | 1 2 3 |  3.5
Slings         | 1 2 3 |  3.5
Bows           | 1 2 3 |  3.5
Crossbows      | 1 2 3 |  3.5
Dodging        | 1 2 3 |  3.5
Stealth        | 1 2 3 |  3.5
Unarmed Combat | 1 2 3 |  3.5
Evocations     | 1 2 3 |  3.5
Conjurations   | 1 2 |  2.9
Hexes          | 1 2 |  2.9
Summonings     | 1 2 |  2.9
Translocations | 1 2 |  2.9
Transmutations | 1 2 |  2.9
Fire Magic     | 1 2 |  2.9
Ice Magic      | 1 2 |  2.9
Air Magic      | 1 2 |  2.9
Earth Magic    | 1 2 |  2.9
Poison Magic   | 1 2 |  2.9
Maces & Flails | 3 4 |  4.4
Throwing       | 3 4 |  4.4
Armour         | 3 4 |  4.4
Shields        | 3 4 |  4.4
Fighting       | 7 |  7.5

Action                   |  1- 3 |  4- 6 |  7- 9 || total
-------------------------+-------+-------+-------++-------
Melee: Hand axe          |    70 |   101 |    98 ||   269
       Bite              |     5 |     9 |    21 ||    35
 Fire: Hand crossbow     |     3 |       |       ||     3
 Cast: Corpse Rot        |       |     1 |       ||     1
  Use: Scroll            |       |     7 |     3 ||    10
       Potion            |       |     4 |     4 ||     8
 Stab: Sleeping          |     1 |     1 |     2 ||     4
Armor: Robe              |    16 |       |       ||    16
       Ring mail         |    10 |    32 |    32 ||    74
       Skin              |       |     3 |       ||     3
Dodge: Dodged            |    55 |    49 |    36 ||   140
Block: Kite shield       |       |    17 |    47 ||    64

Levels and vault maps discovered:
D:1:      dpeg_arrival_stonehenge_12_columns, layout_basic,
          nrook_mini_backslash, minmay_tromino_i2
D:2:      layout_loops_corners, fiery_altar_vehumet
D:3:      layout_loops_ring, lemuel_round_altar, general_overflow_altar,
          nzn_hepliaklqana_mist_gate, uniq_crazy_yiuf_cottage
D:4:      layout_cave_pools, minmay_temple_entry_junction_2, uniq_ijyb,
          uniq_sigmund, uniq_grinder
D:5:      layout_cave_pools, grunt_tough_drop
D:6:      minmay_chambers_of_sixes, layout_basic, lemuel_round_altar
D:9:      layout_roguey, grunt_temple_overflow_champion_of_chaos,
          grunt_decor_junction, ashenzari_altar_1, uniq_maurice

Notes
Turn   | Place    | Note
-------+----------+-------------------------------------------
     0 | D:1      | Dracia the Gnoll Wanderer began the quest for the Orb.
     0 | D:1      | Dracia set off with the following items: a +0 hand
                  | crossbow, a +0 kite shield, 22 bolts, a +0 robe; and the
                  | following spells available to memorise: Sublimation of
                  | Blood, Corpse Rot
     0 | D:1      | Reached XP level 1. HP: 23/23 MP: 6/6
   176 | D:1      | Reached skill level 2 in Necromancy
   214 | D:1      | Reached XP level 2. HP: 18/29 MP: 7/7
   645 | D:1      | Reached XP level 3. HP: 35/35 MP: 9/9
   716 | D:1      | Learned a level 2 spell: Sublimation of Blood
   719 | D:1      | Learned a level 2 spell: Corpse Rot
   773 | D:2      | Reached skill level 5 in Spellcasting
  1002 | D:2      | You fall into a shaft and drop 1 floor!
  1019 | D:3      | Reached skill level 1 in Invocations
  1251 | D:2      | Reached skill level 1 in Short Blades
  1251 | D:2      | Reached skill level 1 in Long Blades
  1251 | D:2      | Reached skill level 1 in Axes
  1251 | D:2      | Reached skill level 1 in Polearms
  1251 | D:2      | Reached skill level 1 in Staves
  1251 | D:2      | Reached skill level 1 in Slings
  1251 | D:2      | Reached skill level 1 in Bows
  1251 | D:2      | Reached skill level 1 in Crossbows
  1251 | D:2      | Reached skill level 1 in Dodging
  1251 | D:2      | Reached skill level 1 in Stealth
  1251 | D:2      | Reached skill level 1 in Unarmed Combat
  1251 | D:2      | Reached skill level 1 in Evocations
  1574 | D:2      | Found a radiant altar of Vehumet.
  1599 | D:2      | Reached XP level 4. HP: 37/41 MP: 11/11
  2146 | D:3      | Reached skill level 1 in Conjurations
  2146 | D:3      | Reached skill level 1 in Hexes
  2146 | D:3      | Reached skill level 1 in Summonings
  2146 | D:3      | Reached skill level 1 in Translocations
  2146 | D:3      | Reached skill level 1 in Transmutations
  2146 | D:3      | Reached skill level 1 in Fire Magic
  2146 | D:3      | Reached skill level 1 in Ice Magic
  2146 | D:3      | Reached skill level 1 in Air Magic
  2146 | D:3      | Reached skill level 1 in Earth Magic
  2146 | D:3      | Reached skill level 1 in Poison Magic
  2344 | D:3      | Reached XP level 5. HP: 44/47 MP: 12/12
  2678 | D:3      | Reached skill level 3 in Maces & Flails
  2678 | D:3      | Reached skill level 3 in Throwing
  2678 | D:3      | Reached skill level 3 in Armour
  2678 | D:3      | Reached skill level 3 in Shields
  2756 | D:3      | Found a runed translucent door.
  2757 | D:3      | Noticed Crazy Yiuf
  2846 | D:3      | Found an opulent altar of Gozag.
  2898 | D:3      | Found an iron altar of Okawaru.
  2910 | D:3      | Became a worshipper of Warmaster Okawaru
  2972 | D:3      | Found a hazy altar of Hepliaklqana.
  3400 | D:3      | Killed Crazy Yiuf
  3401 | D:3      | Reached skill level 2 in Invocations
  3401 | D:3      | Reached XP level 6. HP: 53/53 MP: 13/13
  3462 | D:4      | Noticed Ijyb
  3469 | D:4      | Paralysed by Ijyb for 4 turns
  3474 | D:4      | Killed Ijyb
  3621 | D:4      | Reached skill level 2 in Short Blades
  3621 | D:4      | Reached skill level 2 in Long Blades
  3621 | D:4      | Reached skill level 2 in Axes
  3621 | D:4      | Reached skill level 2 in Polearms
  3621 | D:4      | Reached skill level 2 in Staves
  3621 | D:4      | Reached skill level 2 in Slings
  3621 | D:4      | Reached skill level 2 in Bows
  3621 | D:4      | Reached skill level 2 in Crossbows
  3621 | D:4      | Reached skill level 2 in Dodging
  3621 | D:4      | Reached skill level 2 in Stealth
  3621 | D:4      | Reached skill level 2 in Unarmed Combat
  3621 | D:4      | Reached skill level 2 in Evocations
  3651 | D:4      | Found a staircase to the Ecumenical Temple.
  3688 | D:4      | Noticed Grinder
  3709 | D:4      | Killed Grinder
  3710 | D:4      | Reached skill level 7 in Fighting
  3710 | D:4      | Reached XP level 7. HP: 40/60 MP: 15/15
  3848 | D:4      | Reached skill level 2 in Conjurations
  3848 | D:4      | Reached skill level 2 in Hexes
  3848 | D:4      | Reached skill level 2 in Summonings
  3848 | D:4      | Reached skill level 3 in Necromancy
  3848 | D:4      | Reached skill level 2 in Translocations
  3848 | D:4      | Reached skill level 2 in Transmutations
  3848 | D:4      | Reached skill level 2 in Fire Magic
  3848 | D:4      | Reached skill level 2 in Ice Magic
  3848 | D:4      | Reached skill level 2 in Air Magic
  3848 | D:4      | Reached skill level 2 in Earth Magic
  3848 | D:4      | Reached skill level 2 in Poison Magic
  4003 | D:4      | Noticed Sigmund
  4021 | D:4      | Killed Sigmund
  4021 | D:4      | Reached * piety under Okawaru
  4022 | D:4      | Reached skill level 3 in Invocations
  4219 | D:5      | Entered Level 5 of the Dungeon
  4232 | D:5      | Reached skill level 4 in Maces & Flails
  4232 | D:5      | Reached skill level 4 in Throwing
  4232 | D:5      | Reached skill level 4 in Armour
  4232 | D:5      | Reached skill level 4 in Shields
  4232 | D:5      | Reached XP level 8. HP: 57/67 MP: 16/16
  4335 | D:5      | Reached skill level 3 in Short Blades
  4335 | D:5      | Reached skill level 3 in Long Blades
  4335 | D:5      | Reached skill level 3 in Axes
  4335 | D:5      | Reached skill level 3 in Polearms
  4335 | D:5      | Reached skill level 3 in Staves
  4335 | D:5      | Reached skill level 3 in Slings
  4335 | D:5      | Reached skill level 3 in Bows
  4335 | D:5      | Reached skill level 3 in Crossbows
  4335 | D:5      | Reached skill level 3 in Dodging
  4335 | D:5      | Reached skill level 3 in Stealth
  4335 | D:5      | Reached skill level 3 in Unarmed Combat
  4335 | D:5      | Reached skill level 3 in Evocations
  4357 | D:5      | Reached skill level 6 in Spellcasting
  4904 | D:5      | Reached ** piety under Okawaru
  5242 | D:6      | You fall into a shaft and drop 3 floors!
  5292 | D:9      | Slain by an orc warrior

Vanquished Creatures
  Grinder (D:4)
  Sigmund (D:4)
  A phantom (D:5)
  A sky beast (D:4)
  2 ogres (D:5)
  A bullfrog (D:5)
  3 hounds
  An orc priest (D:3)
  Crazy Yiuf (D:3)
  A centaur skeleton (D:5)
  4 orc wizards
  Ijyb (D:4)
  An iguana (D:3)
  A worker ant (D:3)
  A worker ant zombie (D:5)
  7 gnolls
  6 adders
  A shadow imp (D:9)
  An ooze (D:1)
  An adder skeleton (D:6)
  An adder zombie (D:5)
  A worm (D:3)
  A dart slug (D:2)
  A leopard gecko (D:4)
  16 orcs
  4 giant cockroaches
  8 goblins
  3 hobgoblins
  10 jackals
  3 quokkas
  3 ball pythons
  17 bats
  2 frilled lizards (D:2)
  6 kobolds
  A quokka skeleton (D:6)
  5 rats
119 creatures vanquished.

Table legend: (Time is in decaauts)
 A = Elapsed time spent in this place.
 B = Non-inter-level travel time spent in this place.
 C = Inter-level travel time spent in this place.
 D = Time resting spent in this place.
 E = Time spent auto-exploring this place.
 F = Levels seen in this place.
 G = Mean time per level.
                   A        B        C        D        E       F      G
               +--------+--------+--------+--------+--------+-----+--------+
         Total |   5342 |   5204 |    138 |    798 |   3587 |   7 |  763.1 |
       Dungeon |   5342 |   5204 |    138 |    798 |   3587 |   7 |  763.1 |
               +--------+--------+--------+--------+--------+-----+--------+

Top non-repeatable levels by time:
     D:3: 1509 daAuts
     D:2: 1213 daAuts
     D:1: 777 daAuts
     D:4: 753 daAuts
     D:5: 708 daAuts
     D:6: 329 daAuts
     D:9: 51 daAuts

Table legend:
 A = Non-vault XP
 B = Vault XP
 C = Vault XP percentage of total XP
 D = Non-vault monster count
 E = Vault monster count
 F = Vault count percentage of total count
                 A         B        C        D         E       F
            +---------+---------+-------+---------+---------+-------
      Total |    1303 |     719 |  35.6 |     113 |       6 |   5.0
            +---------+---------+-------+---------+---------+-------
        D:1 |      27 |       7 |  20.6 |      16 |       1 |   5.9
        D:2 |      36 |       0 |   0.0 |      22 |       0 |   0.0
        D:3 |     243 |      42 |  14.7 |      34 |       1 |   2.9
        D:4 |     267 |     548 |  67.2 |       8 |       3 |  27.3
        D:5 |     558 |     122 |  17.9 |      15 |       1 |   6.2
        D:6 |     114 |       0 |   0.0 |      15 |       0 |   0.0
        D:9 |      58 |       0 |   0.0 |       3 |       0 |   0.0
            +---------+---------+-------+---------+---------+-------
